 Dungeon Crawl Stone Soup version 0.30-a0-121-gb27577e5d9 (webtiles) character file.

Game seed: 9281211409824488080

1883 tilp the Scholar of Death (level 8, -1/60 HPs)
             Began as a Mummy Necromancer on Sept 14, 2022.
             Was a Follower of Kikubaaqudgha.
             Slain by a wight
             ... wielding a +3 halberd
              (3 damage)
             ... on level 6 of the Dungeon.
             The game lasted 00:10:36 (7075 turns).

tilp the Scholar of Death (Mummy Necromancer)       Turns: 7075, Time: 00:10:38

Health: -1/60      AC:  9    Str: 12    XL:     8   Next: 92%
Magic:  4/12       EV: 13    Int: 16    God:    Kikubaaqudgha [*.....]
Gold:   240        SH:  0    Dex: 12    Spells: 1/13 levels left

rFire   x . .      SeeInvis .    a - +0 sling (chaos)
rCold   + . .      Faith    +    (no shield)
rNeg    + + +      Spirit   .    c - +0 robe
rPois   ∞          Reflect  .    l - +1 helmet
rElec   .          Harm     .    (no cloak)
rCorr   .          Rampage  .    n - +0 pair of gloves
Will    ++...                    (no boots)
Stlth   ++........               (no amulet)
HPRegen 0.20/turn                q - +4 ring of protection
MPRegen 0.13/turn                k - ring of willpower

@: about to teleport
A: cold resistance 1, negative energy resistance 3, torment resistance 2, heat
vulnerability 1, in touch with death 1, no potions, faith
a: Renounce Religion, Unearth Wretches


You were on level 6 of the Dungeon.
You worshipped Kikubaaqudgha.
Kikubaaqudgha was aware of your devotion.
You visited 2 branches of the dungeon, and saw 7 of its levels.

You collected 240 gold pieces.

Inventory:

Hand Weapons
 a - a +0 sling of chaos (weapon)
 b - a +1 dagger of venom
 s - the +4 dagger of the Dove {flame, *Rage rElec rPois Will++}
   (You found it on level 4 of the Dungeon)

   It burns those it strikes, dealing additional fire damage.
   rElec:     It insulates you from electricity.
   rPois:     It protects you from poison.
   *Rage:     It berserks you when you make melee attacks (+20% chance).
   Will:      It greatly increases your willpower.
 v - a +5 war axe
 w - a +0 quarterstaff
Missiles
 e - 53 stones
 f - 10 boomerangs
 g - 5 poisoned darts
 h - 6 curare-tipped darts
Armour
 c - a +0 robe (worn)
 l - a +1 helmet (worn)
 m - an orb of guile
 n - a +0 pair of gloves (worn)
Jewellery
 i - a ring of resist corrosion
 k - a ring of willpower (right hand)
 q - a +4 ring of protection (left hand)
Wands
 o - a wand of paralysis (5)
Scrolls
 d - a scroll of amnesia
 j - 2 scrolls of teleportation
 p - a scroll of butterflies
 r - 3 scrolls of magic mapping
 t - a scroll of silence
 u - a scroll of poison {unknown}


   Skills:
 * Level 4.0 Fighting
 + Level 5.2 Dodging
 + Level 2.0 Stealth
 + Level 3.0 Spellcasting
 + Level 0.9 Hexes
 * Level 9.5 Necromancy
 * Level 0.1 Evocations


You had one spell level left.
You knew the following spells:

 Your Spells              Type           Power      Damage    Failure   Level
a - Necrotise             Necr           100%       1d9       1%          1
b - Vampiric Draining     Necr           49%        2d9       1%          3
c - Animate Dead          Necr           49%        N/A       3%          4
d - Anguish               Hex/Necr       14%        N/A       22%         4

Your spell library contained the following spells:

 Spells                   Type           Power      Damage    Failure   Level
 Cigotuvi's Dreadful Rot  Necr/Pois/Air  36%        N/A       8%          2
 Agony                    Necr           49%        N/A       11%         5
 Portal Projectile        Hex/Tloc       6%         N/A       43%         3
 Call Canine Familiar     Summ           2%         N/A       50%         3
 Leda's Liquefaction      Hex/Erth       1%         N/A       83%         4
 Fireball                 Conj/Fire      1%         3d3       99%         5
 Iskenderun's Battlesphe  Conj           2%         2d6       99%         5
 Conjure Ball Lightning   Conj/Air       1%         3x3d6     100%        6
 Orb of Destruction       Conj           1%         9d5       100%        7


Dungeon Overview and Level Annotations

Branches:
Dungeon (6/15)             Temple (1/1) D:5

Altars:
Cheibriados
Dithmenos
Fedhas
Gozag
Kikubaaqudgha
Makhleb
Nemelex Xobeh
Qazlal
Ru
Sif Muna
Trog
Uskayaw
Vehumet
Wu Jian
Xom
Yredelemnul


Innate Abilities, Weirdness & Mutations

You are immune to poison.
Your flesh is cold resistant. (rC+)
You are immune to negative energy. (rN+++)
You are immune to unholy pain and torment.
You are vulnerable to heat. (rF-)
You are in touch with the powers of death.
You do not drink.
You have a special connection with the divine. (Faith)


Message History

You shoot a sling bullet. The sling bullet hits the wight.
The wight is moderately damaged.
The wight hits you from afar with a +3 halberd!
The wight hits you but does no damage.
Fire: a) +0 sling (chaos)
Press: ? - help, Q - select action, (/) - cycle Shift-Dir - straight line, f/p - wight
Aim: a wight, wielding a +3 halberd and wearing a +0 robe of positive energy (moderately damaged, 56% to hit)
You shoot a sling bullet.
The sling bullet hits the wight but does no damage.
The wight is moderately damaged.
The wight closely misses you.
Fire: a) +0 sling (chaos)
Press: ? - help, Q - select action, (/) - cycle Shift-Dir - straight line, f/p - wight
Aim: a wight, wielding a +3 halberd and wearing a +0 robe of positive energy (moderately damaged, 56% to hit)
You shoot a sling bullet. The sling bullet hits the wight.
The wight seems to speed up.
The wight is moderately damaged.
The wight hits you from afar with a +3 halberd!
* * * LOW HITPOINT WARNING * * *
The wight hits you from afar with a +3 halberd.
* * * LOW HITPOINT WARNING * * *
Unknown command.
Fire: a) +0 sling (chaos)
Press: ? - help, Q - select action, (/) - cycle Shift-Dir - straight line, f/p - wight
Aim: a wight, wielding a +3 halberd and wearing a +0 robe of positive energy (moderately damaged, fast, 56% to hit)
You shoot a sling bullet. The sling bullet hits the wight.
The sling bullet burns the wight.
The wight is heavily damaged.
The wight hits you from afar with a +3 halberd.
* * * LOW HITPOINT WARNING * * *
The wight hits you from afar with a +3 halberd!
* * * LOW HITPOINT WARNING * * *
Unknown command.
As you read the scroll of teleportation, it crumbles to dust.
You feel strangely unstable.
The wight hits you from afar with a +3 halberd.
* * * LOW HITPOINT WARNING * * *
The wight hits you from afar with a +3 halberd.
You die...
Kikubaaqudgha rasps: "You have failed me!
Welcome... oblivion!"

.......<....>.. ..
##.#..#.####.## ..
#.#......<..#
..###.##...##.#.#
......#..#..#...
######. #..###..##.#
.......###.##(##.# .#
.......#†z....#.....#
.......@.#.##.##.#..
........####g..####..
.......##$(..[...?##.
........####...####.
.........#.##.##?#.
##.###.#....#.#... #.
....#.##/##. # ##
##..###


You could see a wight (fast) and a gnoll.

Vanquished Creatures
  A kobold demonologist (D:5)
  Menkaure (D:4)
  An ice beast (D:5)
  A black bear (D:5)
  2 phantoms
  5 scorpions
  A wight (D:5)
  A howler monkey (D:5)
  2 jellies
  2 hounds (D:5)
  2 orc priests (D:3)
  2 iguanas
  3 orc wizards
  Robin (D:3)
  13 adders
  A shadow imp (D:5)
  An ufetubus (D:5)
  4 worms
  10 orcs
  6 ball pythons
  10 bats
  7 endoplasms
  2 giant cockroaches (D:1)
  19 goblins
  10 hobgoblins
  A jackal (D:5)
  10 kobolds
  3 frilled lizards
  11 rats
133 creatures vanquished.

Vanquished Creatures (collateral kills)
  An orc (D:3)
  A frilled lizard (D:2)
  A rat (D:1)
3 creatures vanquished.

Vanquished Creatures (others)
  2 wights (D:5)
2 creatures vanquished.

Grand Total: 138 creatures vanquished

Notes
Turn   | Place    | Note
-------+----------+-------------------------------------------
     0 | D:1      | tilp the Mummy Necromancer began the quest for the Orb.
     0 | D:1      | Reached XP level 1. HP: 13/13 MP: 4/4
   156 | D:1      | Reached XP level 2. HP: 20/20 MP: 3/5
   181 | D:1      | Reached skill level 1 in Fighting
   682 | D:1      | Gained mutation: You are in touch with the powers of death.
                  | [Mummy growth]
   682 | D:1      | Reached XP level 3. HP: 26/26 MP: 7/7
   686 | D:1      | Learned a level 3 spell: Vampiric Draining
   754 | D:1      | Found a faded altar of an unknown god.
  1343 | D:2      | Found a hide-covered altar of Uskayaw.
  1438 | D:2      | Reached XP level 4. HP: 33/33 MP: 3/8
  2245 | D:3      | Reached XP level 5. HP: 40/40 MP: 9/9
  2327 | D:3      | Reached skill level 5 in Necromancy
  2386 | D:3      | Noticed Robin
  2393 | D:3      | Killed Robin
  2760 | D:3      | Reached XP level 6. HP: 13/47 MP: 1/10
  3595 | D:4      | Reached skill level 6 in Necromancy
  3754 | D:4      | Noticed Menkaure
  3767 | D:4      | Killed Menkaure
  3768 | D:4      | Reached XP level 7. HP: 12/54 MP: 11/11
  4009 | D:4      | Found a sacrificial altar of Ru.
  4383 | D:4      | Identified the +4 dagger of the Dove {flame, *Rage rElec
                  | rPois Will++}
  4534 | D:5      | Entered Level 5 of the Dungeon
  4539 | D:5      | Reached skill level 7 in Necromancy
  4668 | D:5      | Found a staircase to the Ecumenical Temple.
  4677 | Temple   | Entered the Ecumenical Temple
  4973 | Temple   | Became a worshipper of Kikubaaqudgha
  5116 | D:5      | Noticed a kobold demonologist
  5396 | D:5      | Noticed an ice devil
  5396 | D:5      | Killed a kobold demonologist
  5397 | D:5      | Reached skill level 8 in Necromancy
  5397 | D:5      | Reached XP level 8. HP: 54/60 MP: 0/12
  5895 | D:5      | Found a sparkling altar of Nemelex Xobeh.
  6082 | D:5      | Reached skill level 5 in Dodging
  6082 | D:5      | Reached skill level 9 in Necromancy
  6235 | D:5      | Reached * piety under Kikubaaqudgha
  6235 | D:5      | Received a gift from Kikubaaqudgha
  6315 | D:5      | Learned a level 4 spell: Animate Dead
  6320 | D:5      | Learned a level 4 spell: Anguish
  7075 | D:6      | HP: 2/60 [wight/+3 halberd (6)]
  7075 | D:6      | Slain by a wight

Illustrated notes

Levels and vault maps discovered:
D:1:      scummos_arrival_star, layout_loops_ring,
          hellmonk_ecumenical_altar_heavens_door, minmay_splitting_lines,
          minmay_split_cup_large
D:2:      layout_rooms, basic_altar, grunt_decor_mini_mirrors
D:3:      layout_loops_cross, uniq_robin
D:4:      layout_basic, nicolae_ru_great_annihilating_truth, bh_walls_and_bars,
          uniq_menkaure
D:5:      minmay_chambers_of_fours, layout_loops_corners,
          nemelex_xobeh_ov_fountains_minmay, minmay_temple_entry_glass
D:6:      layout_basic, minmay_fractal_squares_gapless_5
Temple:   minmay_temple_bridge_d

Skill      XL: |  1  2  3  4  5  6  7  8 |
---------------+-------------------------+-----
Fighting       | 1 2 3 4 |  4.0
Spellcasting   | 3 |  3.0
Stealth        | 2 |  2.0
Dodging        | 2 3 4 5 |  5.2
Necromancy     | 5 6 8 9 |  9.5
Hexes          | |  0.9
Evocations     | |  0.1

Action                   |  1- 3 |  4- 6 |  7- 9 || total
-------------------------+-------+-------+-------++-------
Melee: Unarmed           |     1 |       |       ||     1
       Short sword       |     3 |       |       ||     3
       Dagger            |       |    20 |    20 ||    40
       Punch             |       |       |     1 ||     1
 Fire: Sling             |    46 |   145 |   137 ||   328
Throw: Boomerang         |     2 |       |       ||     2
 Cast: Necrotise         |    40 |    13 |     2 ||    55
       Vampiric Draining |     1 |    14 |    22 ||    37
       Anguish           |       |       |     5 ||     5
  Use: Scroll            |     4 |     4 |     2 ||    10
Armor: Robe              |     7 |    25 |    46 ||    78
Dodge: Dodged            |    16 |    87 |    98 ||   201

Table legend: (Time is in decaauts)
 A = Elapsed time spent in this place.
 B = Non-inter-level travel time spent in this place.
 C = Inter-level travel time spent in this place.
 D = Time resting spent in this place.
 E = Time spent auto-exploring this place.
 F = Levels seen in this place.
 G = Mean time per level.
                   A        B        C        D        E       F      G
               +--------+--------+--------+--------+--------+-----+--------+
         Total |   7194 |   6860 |    334 |   1351 |   4437 |   7 | 1027.7 |
       Dungeon |   6827 |   6637 |    190 |   1351 |   4225 |   6 | 1137.8 |
        Temple |    367 |    223 |    144 |      0 |    212 |   1 |  367.0 |
               +--------+--------+--------+--------+--------+-----+--------+

Top non-repeatable levels by time:
     D:5: 2100 daAuts
     D:3: 1374 daAuts
     D:4: 1255 daAuts
     D:1: 1132 daAuts
     D:2: 935 daAuts
  Temple: 367 daAuts
     D:6: 28 daAuts
